 Dungeon Crawl Stone Soup version 0.29-a0-338-g1ff7896281 (webtiles) character file.

Game seed: 13804932303391148282

176 spaghetti the Covered (level 5, 0/49 HPs)
             Began as a Naga Fighter on Apr 18, 2022.
             Slain by a gnoll sergeant
             ... wielding a +2 spear of flaming
              (9 damage)
             ... on level 3 of the Dungeon.
             The game lasted 00:03:12 (2582 turns).

spaghetti the Covered (Naga Fighter)                Turns: 2582, Time: 00:03:13

Health: 0/49       AC:  5    Str: 17 (20) XL:     5   Next: 56%
Magic:  5/5        EV: 11    Int:  7 (9)  God:
Gold:   203        SH:  3    Dex:  7 (10) Spells: 4/4 levels left

rFire   . . .      SeeInvis +     - Unarmed
rCold   . . .      Faith    .   b - +0 buckler
rNeg    . . .      Spirit   .   a - +0 scale mail
rPois   +          Reflect  .   (no helmet)
rElec   .          Harm     .   (no cloak)
rCorr   .          Rampage  .   (no gloves)
Will    .....                   (no barding)
Stlth   ..........              (no amulet)
HPRegen 0.16/turn               q - +4 ring of evasion
MPRegen 0.09/turn               (no ring)

@: brilliant, very slow
A: AC +1, large, see invisible, deformed body, poison resistance, slowness 2,
spit poison 1, naga tail 1
a: Spit Poison


You were on level 3 of the Dungeon.
You visited 1 branch of the dungeon, and saw 3 of its levels.

You collected 203 gold pieces.


Innate Abilities, Weirdness & Mutations

Your serpentine skin is tough. (AC +1)
You have supernaturally acute eyesight. (SInv)
Armour fits poorly on your strangely shaped body.
Your system is resistant to poisons. (rPois)
You cover ground very slowly.
You can spit poison.
You have a snake-like lower body.


   Skills:
 - Level 3.0 Fighting
 * Level 4.3 Armour
 - Level 2.4 Shields
 - Level 3.6 Unarmed Combat


You had 4 spell levels left.
You didn't know any spells.
Your spell library contained the following spells:

 Spells                   Type           Power      Damage    Failure   Level
 Sandblast                Erth           0%         2d4       88%         1
 Slow                     Hex            0%         N/A       88%         1
 Passwall                 Tmut/Erth      0%         N/A       95%         2
 Confusing Touch          Hex            0%         N/A       99%         3
 Stone Arrow              Conj/Erth      0%         3d7       99%         3
 Vampiric Draining        Necr           0%         2d6       99%         3

Inventory:

Hand Weapons
 g - a +0 short sword {short}
   (You found it on level 1 of the Dungeon)
 k - a +0 mace {mace}
   (You found it on level 1 of the Dungeon)
Missiles
 i - 112 stones (quivered) {throwing}
 n - 2 atropa-tipped darts {throwing}
 w - 4 javelins {throwing}
Armour
 a - a +0 scale mail (worn)
 b - a +0 buckler (worn)
Jewellery
 j - a ring of fire
   (You found it on level 1 of the Dungeon)
 l - a ring of poison resistance
   (You found it on level 1 of the Dungeon)
 q - a +4 ring of evasion (left hand)
   (You found it on level 3 of the Dungeon)
Wands
 p - a wand of flame (8)
   (You found it on level 3 of the Dungeon)
 x - a wand of charming (9)
   (You found it on level 3 of the Dungeon)
Scrolls
 e - a scroll of blinking {unknown}
 o - a scroll of enchant armour {unknown}
 u - a scroll of summoning {unknown}
 v - 3 scrolls of identify {unknown}
Potions
 c - a potion of brilliance
 d - a potion of heal wounds {@q2}
 f - a potion of degeneration {!q@e2}
 h - a potion of cancellation {unknown}
 m - 2 potions of curing {unknown}
 r - a potion of flight {unknown}
 s - a potion of lignification {unknown}
 t - 3 potions of haste {unknown}

Dungeon Overview and Level Annotations

Branches:
Dungeon (3/15)

Altars:

Shops:
D:2

(
#..............###......
#........#...#..........
#............#...#......
#........#..)..#...##...
#........#.#...###.....#
#........#..............
#..........#.##.#####.##
#........###.##.##......
#.<...g@.# #.##.##.#####
####.g#..# #.##....#####
#. #g## #.##.#####... #
#g# #.##.......## #.#
#>...###.....
..........# #.####
.#####....# #.# # ##
###... ..# # ########


You could see a gnoll sergeant and 3 gnolls.


Message History

You completely miss the rat. The rat closely misses you.
You hit the rat.
You kill the rat!
No target in view!
No target in view!
No target in view!
No target in view!
No target in view!
No target in view!
No target in view!
No target in view!
No target in view!
No target in view!
No target in view!
A dart slug comes into view.
The dart slug launches a dart at you. You block the slug dart.
A dart slug is nearby!
A dart slug is nearby!
A dart slug is nearby!
The dart slug launches a dart at you. The slug dart hits you. 😕 HP[-2]
You take 2 damage, and now have 47/49 hp.
You block the dart slug's attack. 😕 HP[+1]
You hit the dart slug. The dart slug launches a dart at you.
The slug dart hits you but does no damage.
You hit the dart slug. You hit the dart slug.
You kill the dart slug!
No target in view!
No target in view!
No target in view!
No target in view!
No target in view!
No target in view!
No target in view!
No target in view!
x - a wand of charming (9) 😎 HP[+1]
Your hp is fully restored (49).
Key pressed, stopping explore.
You see here a hobgoblin skeleton.
There is a stone staircase leading up here.
Key pressed, stopping explore.
You see here a +0 hunting sling {sling}.
A gnoll comes into view. It is wielding a +0 flail.
Found a stone staircase leading up.
The gnoll shouts!
You hear a shout! x2
A gnoll comes into view. It is wielding a +0 spear.
The gnoll moves out of view.
A gnoll sergeant comes into view. It is wielding a +2 spear of flaming.
A gnoll comes into view. It is wielding a +0 flail.
The gnoll shouts! x2
You hit the gnoll. The gnoll barely misses you.
You hit the gnoll.
The gnoll sergeant hits you but does no damage.
The gnoll hits you with a +0 flail! 😕 HP[-10]
You take 10 damage, and now have 39/49 hp.
MASSIVE DAMAGE!! (PAUSE)
You hit the gnoll.
The gnoll sergeant hits you from afar with a +2 spear of flaming!
The gnoll sergeant burns you.
The gnoll hits you from afar with a +0 spear.
* * * LOW HITPOINT WARNING * * *
The gnoll closely misses you. 😨 HP[-15]
You take 15 damage, and now have 24/49 hp.
MASSIVE DAMAGE!! (PAUSE) It was a potion of degeneration.
There was something very wrong with that liquid.
You feel weakened.
You feel dopey.
You feel clumsy.
The gnoll sergeant hits you from afar with a +2 spear of flaming!
* * * LOW HITPOINT WARNING * * *
The gnoll sergeant burns you.
* * * LOW HITPOINT WARNING * * *
The gnoll hits you from afar with a +0 spear.
* * * LOW HITPOINT WARNING * * *
The gnoll misses you. 😱 HP[-20]
You take 20 damage, and now have 4/49 hp.
MASSIVE DAMAGE!! (PAUSE) It was a potion of heal wounds.
You feel much better.
The gnoll sergeant hits you from afar with a +2 spear of flaming!
* * * LOW HITPOINT WARNING * * *
The gnoll sergeant burns you.
* * * LOW HITPOINT WARNING * * *
The gnoll hits you from afar with a +0 spear.
* * * LOW HITPOINT WARNING * * *
The gnoll barely misses you. 😱 HP[+5]
You regained 5 hp, and now have 9/49 hp.
Unknown command.
It was a potion of brilliance.
You feel clever all of a sudden.
The gnoll sergeant hits you from afar with a +2 spear of flaming!
You die...

Skill      XL: |  1  2  3  4  5 |
---------------+----------------+-----
Unarmed Combat | 3 |  3.6
Armour         | 3 4 |  4.3
Fighting       | |  3.0
Shields        | |  2.4

Action                   |  1- 3 |  4- 6 || total
-------------------------+-------+-------++-------
Melee: Unarmed           |    84 |    99 ||   183
 Abil: Spit Poison       |    10 |     1 ||    11
  Use: Potion            |     1 |     3 ||     4
Armor: Scale mail        |    33 |    50 ||    83
Dodge: Dodged            |    35 |    45 ||    80
Block: Buckler           |    20 |    19 ||    39

Levels and vault maps discovered:
D:1:      dpeg_arrival_arbitrary_a, layout_rooms, corner_web_ring,
          serial_bayou_crossing
D:2:      layout_rooms, shapermc_ecumenical_altar_starsandcircs, serial_shops,
          shop
D:3:      layout_rooms

Notes
Turn   | Place    | Note
-------+----------+-------------------------------------------
     0 | D:1      | spaghetti the Naga Fighter began the quest for the Orb.
     0 | D:1      | Reached XP level 1. HP: 21/21 MP: 1/1
     0 | D:1      | magus.rc [v1.9.6]
   239 | D:1      | Reached XP level 2. HP: 21/28 MP: 2/2
   338 | D:1      | Reached skill level 3 in Unarmed Combat
   474 | D:1      | You pick up a book of Geomancy and begin reading...
   474 | D:1      | You add the spells Sandblast, Passwall and Stone Arrow to
                  | your library.
   683 | D:1      | Reached XP level 3. HP: 34/34 MP: 3/3
   864 | D:1      | You pick up a book of Geomancy and begin reading...
  1009 | D:2      | Found Dysel's Antique Weapon Boutique.
  1083 | D:2      | Noticed an ogre
  1090 | D:2      | HP: 5/34 [ogre/+0 giant club (14)]
  1091 | D:2      | Killed an ogre
  1092 | D:2      | Reached skill level 3 in Armour
  1092 | D:2      | Reached XP level 4. HP: 6/42 MP: 4/4
  1092 | D:2      | Reached XP level 5. HP: 7/49 MP: 5/5
  1599 | D:2      | Reached skill level 4 in Armour
  1599 | D:2      | Found a faded altar of an unknown god.
  1786 | D:2      | You pick up a book of Debilitation and begin reading...
  1786 | D:2      | You add the spells Slow, Vampiric Draining and Confusing
                  | Touch to your library.
  2580 | D:3      | HP: 8/49 [gnoll sergeant/+2 spear of flaming (5)]
  2582 | D:3      | Slain by a gnoll sergeant

Vanquished Creatures
  An ogre (D:2)
  4 adders
  4 dart slugs
  3 endoplasms
  5 giant cockroaches
  5 goblins
  2 hobgoblins
  4 jackals (D:1)
  2 quokkas
  5 ball pythons
  4 bats
  A frilled lizard (D:3)
  6 kobolds
  5 rats
51 creatures vanquished.

Table legend:
 A = Non-vault XP
 B = Vault XP
 C = Vault XP percentage of total XP
 D = Non-vault monster count
 E = Vault monster count
 F = Vault count percentage of total count
                 A         B        C        D         E       F
            +---------+---------+-------+---------+---------+-------
      Total |     252 |       0 |   0.0 |      51 |       0 |   0.0
            +---------+---------+-------+---------+---------+-------
        D:1 |      47 |       0 |   0.0 |      24 |       0 |   0.0
        D:2 |     176 |       0 |   0.0 |      17 |       0 |   0.0
        D:3 |      29 |       0 |   0.0 |      10 |       0 |   0.0
            +---------+---------+-------+---------+---------+-------

Illustrated notes

Table legend:
 A = Kills in this place as a percentage of kills in entire the game.
 B = Kills by you in this place as a percentage of kills by you in the entire game.
 C = Kills by friends in this place as a percentage of kills by friends in the entire game.
 D = Other kills in this place as a percentage of other kills in the entire game.
 E = Experience gained in this place as a percentage of experience gained in the entire game.
 F = Experience gained in this place divided by the number of levels of this place that you have seen.
                   A       B       C       D       E      F
               +-------+-------+-------+-------+-------+----------------------
         Total | 100.0 | 100.0 |   N/A |   N/A | 100.0 |  84.0
       Dungeon | 100.0 | 100.0 |   N/A |   N/A | 100.0 |  84.0
               +-------+-------+-------+-------+-------+----------------------

Table legend: (Time is in decaauts)
 A = Elapsed time spent in this place.
 B = Non-inter-level travel time spent in this place.
 C = Inter-level travel time spent in this place.
 D = Time resting spent in this place.
 E = Time spent auto-exploring this place.
 F = Levels seen in this place.
 G = Mean time per level.
                   A        B        C        D        E       F      G
               +--------+--------+--------+--------+--------+-----+--------+
         Total |   3073 |   3036 |     37 |    712 |   1876 |   3 | 1024.3 |
       Dungeon |   3073 |   3036 |     37 |    712 |   1876 |   3 | 1024.3 |
               +--------+--------+--------+--------+--------+-----+--------+

Top non-repeatable levels by time:
     D:2: 1338 daAuts
     D:1: 1247 daAuts
     D:3: 487 daAuts
